 Dungeon Crawl Stone Soup version 0.28-a0-514-g0d7ab7f379 (webtiles) character file.

Game seed: 173281502628607031

44 SkeletonJelly the Digger (level 3, -1/24 HPs)
             Began as a Formicid Earth Elementalist on Sept 23, 2021.
             Killed by divine providence
             ... invoked by an orc priest
              (11 damage)
             ... on level 3 of the Dungeon.
             The game lasted 00:05:18 (1407 turns).

SkeletonJelly the Digger (FoEE)                     Turns: 1407, Time: 00:05:19

Health: -1/24      AC:  2    Str: 12    XL:     3   Next: 85%
Magic:  2/6        EV: 12    Int: 15    God:
Gold:   67         SH:  0    Dex: 11    Spells: 0/6 levels left

rFire   . . .      SeeInvis +   g - +1 club
rCold   . . .      Faith    .   (no shield)
rNeg    . . .      Spirit   .   b - +0 robe
rPois   .          Reflect  .   (helmet unavailable)
rElec   .          Harm     .   (no cloak)
rCorr   .          Rampage  .   (no gloves)
Will    .....                   (no boots)
Stlth   ++........              (no amulet)
HPRegen 0.08/turn               (no ring)
MPRegen 0.10/turn               (no ring)

@: no status effects
A: permanent stasis, dig shafts and tunnels, antennae 3, four strong arms
a: Dig, Shaft Self


You were on level 3 of the Dungeon.
You visited 1 branch of the dungeon, and saw 3 of its levels.

You collected 67 gold pieces.

Inventory:

Hand Weapons
 a - a +0 hand axe
 g - a +1 club (weapon)
 h - a +0 scimitar
Missiles
 c - 7 stones
 e - 8 atropa-tipped darts
 f - 2 throwing nets
Armour
 b - a +0 robe (worn)
Scrolls
 i - a scroll of silence {unknown}
Potions
 d - a potion of heal wounds


   Skills:
 - Level 1.7 Dodging
 - Level 3.0 Stealth
 - Level 2.1 Spellcasting
 - Level 2.0 Transmutations
 * Level 4.8 Earth Magic


You couldn't memorise any spells.
You knew the following spells:

 Your Spells              Type           Power      Damage    Failure   Level
a - Sandblast             Erth           32%        2d9       3%          1
p - Passwall              Tmut/Erth      9%         N/A       9%          2
s - Stone Arrow           Conj/Erth      16%        3d8       24%         3

Your spell library contained the following spells:

 Spells                   Type           Power      Damage    Failure   Level
 Freeze                   Ice            4%         1d3       22%         1
 Petrify                  Tmut/Erth      11%        N/A       47%         4


Dungeon Overview and Level Annotations

Branches:
Dungeon (3/15)

Altars:


Innate Abilities, Weirdness & Mutations

You cannot be hasted, slowed, berserked, paralysed or teleported.
You can dig through walls and to a lower floor.
You have a pair of large antennae on your head. (SInv)
Your four strong arms can wield two-handed weapons with a shield.


Message History

Things that are here:
a +0 club; a goblin corpse
Found a dagger.
Found a scimitar.
Found a stone staircase leading up.
Found a scroll labelled ARGHIKKAKKE.
You see here a +0 scimitar.
h - a +0 scimitar You hear the slow rusting of a very distant drain.
i - a scroll labelled ARGHIKKAKKE A quokka comes into view.
A worm comes into view.
An endoplasm comes into view.
Casting: Sandblast (safe; 3% risk of failure)
Confirm with . or Enter, or press ? or * to list all spells.
Aiming: Sandblast (safe; 3% risk of failure)
Press: ? - help, Shift-Dir - straight line, f - worm
Aim: a worm (93% to hit)
The blast of sand hits the worm.
The worm is moderately wounded.
The endoplasm quivers.
You now have 5/6 mp.
Casting: Sandblast (safe; 3% risk of failure)
Confirm with . or Enter, or press ? or * to list all spells.
Aiming: Sandblast (safe; 3% risk of failure)
Press: ? - help, Shift-Dir - straight line, f/p - worm
Aim: a worm (moderately wounded, 93% to hit)
The blast of sand hits the worm!
You kill the worm!
You now have 4/6 mp.
The quokka barely misses you.
You see here a worm corpse.
You barely miss the quokka.
The quokka twitches its whiskers.
The quokka closely misses you. The quokka barely misses you.
You miss the quokka.
The quokka bites you but does no damage.
The quokka bites you.
You take 2 damage, and have 21/24 hp.
You completely miss the quokka. The quokka misses you.
You completely miss the quokka. The quokka barely misses you.
The quokka bites you.
You take 1 damage, and have 20/24 hp.
You closely miss the quokka. The quokka barely misses you.
You hit the quokka.
The quokka is heavily wounded.
The quokka twitches its whiskers.
The quokka bites you.
An orc priest comes into view. It is wielding a +0 dagger.
The quokka closely misses you.
You take 3 damage, and have 17/24 hp.
You hit the quokka but do no damage.
The quokka is heavily wounded.
An orc comes into view. It is wielding a +0 club.
The quokka bites you.
You take 1 damage, and have 16/24 hp.
The orc shouts!
You hit the quokka.
You kill the quokka!
Casting: Sandblast (safe; 3% risk of failure)
Confirm with . or Enter, or press ? or * to list all spells.
Aiming: Passwall (safe; 9% risk of failure)
Press: ? - help, Dir - move target A rock wall.
You begin to meditate on the wall.
You continue meditating on the rock.
The endoplasm hits you.
You continue meditating on the rock.
The endoplasm closely misses you.
You finish merging with the rock.
Found three items.
Found a stone staircase leading down.
You take 3 damage, and have 13/24 hp.
You now have 3/6 mp.
An orc comes into view. It is wielding a +0 flail.
The orc priest misses you.
You barely miss the orc priest.
The orc shouts!
The orc priest misses you.
Casting: Passwall (safe; 9% risk of failure)
Confirm with . or Enter, or press ? or * to list all spells.
Aiming: Sandblast (safe; 3% risk of failure)
Press: ? - help, Shift-Dir - straight line, f - orc priest
Aim: an orc priest, wielding a +0 dagger and wearing a +0 scale mail (82% to hit)
The blast of sand hits the orc priest but does no damage.
The orc priest hits you with a +0 dagger.
You take 2 damage, and have 12/24 hp.
You now have 3/6 mp.
Casting: Sandblast (safe; 3% risk of failure)
Confirm with . or Enter, or press ? or * to list all spells.
Aiming: Sandblast (safe; 3% risk of failure)
Press: ? - help, Shift-Dir - straight line, f/p - orc priest
Aim: an orc priest, wielding a +0 dagger and wearing a +0 scale mail (82% to hit)
The blast of sand hits the orc priest but does no damage.
The orc priest hits you with a +0 dagger.
You take 2 damage, and have 10/24 hp.
You now have 2/6 mp.
Casting: Sandblast (safe; 3% risk of failure)
Confirm with . or Enter, or press ? or * to list all spells.
Aiming: Sandblast (safe; 3% risk of failure)
Press: ? - help, Shift-Dir - straight line, f/p - orc priest
Aim: an orc priest, wielding a +0 dagger and wearing a +0 scale mail (82% to hit)
The blast of sand hits the orc priest but does no damage.
The orc priest mumbles some strange prayers to Beogh against you.
Beogh smites you!
You die...

## .# .# .# ## .#
###.############
.######...#..........##
.##..)..##>.....).....##
....# #......o@......#
....## #......o)......#
#.#..## #...?..........#
..##..# #....o.........#
#####.###..............#
# #...##............## #
###.J.#..........## #
###.##.##.###### .# #.#
?...#


You could see an orc priest and 2 orcs.

Vanquished Creatures
  An adder (D:2)
  A worm (D:3)
  2 dart slugs (D:1)
  4 bats
  2 endoplasms
  3 giant cockroaches
  2 goblins
  3 hobgoblins
  3 quokkas
  A ball python (D:1)
  2 frilled lizards (D:1)
  A kobold (D:1)
  A rat (D:2)
26 creatures vanquished.

Vanquished Creatures (others)
  A fungus (D:2)
1 creature vanquished.

Grand Total: 27 creatures vanquished

Notes
Turn   | Place    | Note
-------+----------+-------------------------------------------
     0 | D:1      | SkeletonJelly the Formicid Earth Elementalist began the
                  | quest for the Orb.
     0 | D:1      | Reached XP level 1. HP: 13/13 MP: 3/3
   404 | D:1      | Reached XP level 2. HP: 17/19 MP: 3/5
   462 | D:1      | Reached skill level 4 in Earth Magic
   744 | D:1      | Learned a level 2 spell: Passwall
   827 | D:1      | Reached XP level 3. HP: 24/24 MP: 3/6
  1017 | D:2      | Found a faded altar of an unknown god.
  1046 | D:2      | Got Plato's Compendium of the Snowflakes
  1051 | D:2      | Learned a level 3 spell: Stone Arrow
  1317 | D:2      | You fall into a shaft and drop 1 floor!
  1407 | D:3      | Killed from afar by an orc priest

Illustrated notes

Levels and vault maps discovered:
D:1:      scummos_arrival_hexagon, layout_basic, lemuel_old_faithful
D:2:      layout_loops_ring, shapermc_ecumenical_altar_rom_forum
D:3:      layout_rooms, serial_shops, nicolae_shop_trees,
          gup_sewer_entry_bubbles, guppyfry_early_orc_mine, uniq_natasha,
          uniq_jessica

Skill      XL: |  1  2  3 |
---------------+----------+-----
Earth Magic    | 4 |  4.8
Stealth        | 3 |  3.0
Transmutations | 2 |  2.0
Dodging        | |  1.7
Spellcasting   | |  2.1

Action                   || total
-------------------------++-------
Melee: Unarmed           ||    42
       Club              ||    31
 Cast: Sandblast         ||    28
       Passwall          ||     1
  Use: Scroll            ||     3
 Stab: Sleeping          ||     2
Armor: Robe              ||    20
Dodge: Dodged            ||    54

Table legend: (Time is in decaauts)
 A = Elapsed time spent in this place.
 B = Non-inter-level travel time spent in this place.
 C = Inter-level travel time spent in this place.
 D = Time resting spent in this place.
 E = Time spent auto-exploring this place.
 F = Levels seen in this place.
 G = Mean time per level.
                   A        B        C        D        E       F      G
               +--------+--------+--------+--------+--------+-----+--------+
         Total |   1416 |   1342 |     74 |      0 |   1014 |   3 |  472.0 |
       Dungeon |   1416 |   1342 |     74 |      0 |   1014 |   3 |  472.0 |
               +--------+--------+--------+--------+--------+-----+--------+

Top non-repeatable levels by time:
     D:1: 935 daAuts
     D:2: 386 daAuts
     D:3: 94 daAuts
